 Dungeon Sprint DCSS version 0.19.1-1-g22dce08 (webtiles) character file.

115 Slime the Fighter (level 4, -1/57 HPs)
             Began as a Troll Berserker on Jan 1, 2017.
             Was a Believer of Trog.
             Slain by a wight
             ... wielding a cursed +0 flail
              (4 damage)
             ... in the Dungeon (Sprint VII: "The Pits").
             The game lasted 00:00:52 (111 turns).

Slime the Fighter (Troll Berserker)                  Turns: 111, Time: 00:00:53

Health: -1/57      AC:  5    Str: 26    XL:     4   Next: 68%
Magic:  3/3        EV: 10    Int:  3    God:    Trog [**....]
Gold:   0          SH:  0    Dex:  9    Spells: 0 memorised, 3 levels left

rFire  . . .     SeeInvis .       - Unarmed
rCold  . . .     Gourm    +     a - +0 animal skin
rNeg   . . .     Faith    .     (no shield)
rPois  .         Spirit   .     (helmet restricted)
rElec  .         Reflect  .     (no cloak)
rCorr  .         Harm     .     (gloves unavailable)
MR     .....     NoTele   +     (boots unavailable)
Stlth  +.........               (no amulet)
                                (no ring)
                                (no ring)

@: drained
A: unfitting armour, claws 3, fast metabolism 3, gourmand, regeneration 1,
shaggy fur 1, tough skin 2
a: Berserk, Trog's Hand, Burn Spellbooks, Renounce Religion


You were in the Dungeon.
You worshipped Trog.
Trog was pleased with you.
You were not hungry.

You visited 1 branch

Inventory:

Armour
 a - a +0 animal skin (worn)
Scrolls
 h - a scroll of blinking
 j - 3 scrolls of remove curse
 k - a scroll of summoning
Potions
 c - a potion of curing
 d - a potion of heal wounds
 e - a potion of haste
 f - 4 potions of magic
 g - 3 potions of berserk rage
 i - 2 potions of invisibility
Comestibles
 b - 9 bread rations
 l - 40 fruits
 m - 7 meat rations


   Skills:
 + Level 8.1(7.5) Fighting
 - Level 2.4(1.9) Dodging
 + Level 0.5(0.0) Stealth
 - Level 3.0(2.4) Unarmed Combat


You had 3 spell levels left.
You didn't know any spells.

Dungeon Overview and Level Annotations

Branches:
Dungeon (1/1)

Altars:
Cheibriados
Dithmenos
Elyvilon
Fedhas
Gozag
Hepliaklqana
Kikubaaqudgha
Nemelex Xobeh
Okawaru
Qazlal
Ru
Sif Muna
Trog
Uskayaw
Vehumet
Jiyva


Innate Abilities, Weirdness & Mutations

You are too large for most types of armour.
You have claws for hands.
Your metabolism is lightning-fast.
You like to eat raw meat.
Your natural rate of healing is unusually fast.
You are covered in fur. (AC +1)
You have very tough skin. (AC +2)


Message History

The wight is lightly damaged.
The gnoll hits you from afar with a halberd!
* * * LOW HITPOINT WARNING * * *
The wight hits you with a flail.
* * * LOW HITPOINT WARNING * * *
The wight hits you with an enchanted falchion.
* * * LOW HITPOINT WARNING * * *
You barely miss the wight.
The wight is lightly damaged.
The wight hits you but does no damage.
The gnoll hits you from afar with a halberd.
* * * LOW HITPOINT WARNING * * *
Unknown command.
Unknown command.
You claw the wight!
The wight is almost destroyed.
The wight closely misses you.
The sky beast flickers out of sight!
Deactivating autopickup; reactivate with Ctrl-A.
The wight hits you with a flail.
You die...

#.###+###
#......
#.#
#......
#.#
#......
#.#
#...<..
#.#
#......
#.#
#......
#'## #
#......
#..#.#.##
#######
#z@zgW..#
##z#.#.##
.{....
##.#.#.#
.......#
#.# #..+
### ###


You could see a phantom, 3 wights and a gnoll.

Vanquished Creatures
  A floating eye (D)
  An adder (D)
  A worm (D)
  A giant cockroach (D)
4 creatures vanquished.

Notes
Turn   | Place    | Note
-------+----------+-------------------------------------------
     0 | D        | Slime the Troll Berserker began the quest for the Orb.
     0 | D        | Reached XP level 1. HP: 22/22 MP: 0/0
    15 | D        | Reached skill level 4 in Fighting
    15 | D        | Reached XP level 2. HP: 32/32 MP: 1/1
    20 | D        | Found a radiant altar of Vehumet.
    20 | D        | Found a hide-covered altar of Uskayaw.
    20 | D        | Found an ancient bone altar of Kikubaaqudgha.
    20 | D        | Found a viscous altar of Jiyva.
    20 | D        | Found a hazy altar of Hepliaklqana.
    21 | D        | Found a bloodstained altar of Trog.
    21 | D        | Found a deep blue altar of Sif Muna.
    21 | D        | Found a sacrificial altar of Ru.
    21 | D        | Found a stormy altar of Qazlal.
    21 | D        | Found an iron altar of Okawaru.
    21 | D        | Found a sparkling altar of Nemelex Xobeh.
    21 | D        | Found an opulent altar of Gozag.
    21 | D        | Found a blossoming altar of Fedhas.
    21 | D        | Found a white marble altar of Elyvilon.
    21 | D        | Found a shadowy altar of Dithmenos.
    21 | D        | Found a snail-covered altar of Cheibriados.
    69 | D        | Noticed a floating eye
    73 | D        | Paralysed by a floating eye for 4 turns
    78 | D        | Killed a floating eye
    78 | D        | Reached ** piety under Trog
    78 | D        | Reached skill level 8 in Fighting
    78 | D        | Reached XP level 3. HP: 48/48 MP: 2/2
    78 | D        | Reached XP level 4. HP: 57/57 MP: 3/3
   103 | D        | Noticed a phantom
   106 | D        | Noticed a sky beast
   110 | D        | HP: 2/57 [gnoll/halberd (1)]
   111 | D        | Slain by a wight

Skill      XL: |  1  2 |
---------------+-------+-----
Fighting       | 4 8 |  8.1
Dodging        | |  2.4
Stealth        | |  0.5
Unarmed Combat | |  3.0

Action                   |  1- 3 |  4- 6 || total
-------------------------+-------+-------++-------
Melee: Unarmed           |     6 |     9 ||    15
Armor: Animal skin       |     2 |     4 ||     6
Dodge: Dodged            |     1 |     4 ||     5
